 Dungeon Crawl Stone Soup version 0.30.0-29-ga12c61a403 (webtiles) character file.

Game seed: 9349392507723863145

78 GimliDwarf the Stinger (level 4, -2/32 HPs)
             Began as a Gnoll Wanderer on June 21, 2023.
             Was a Believer of Zin.
             Killed by nerve-wracking pain
             ... invoked by an orc priest
              (9 damage)
             ... on level 3 of the Dungeon.
             The game lasted 00:06:54 (3182 turns).

GimliDwarf the Stinger (Gnoll Wanderer)             Turns: 3182, Time: 00:06:55

Health: -2/32      AC:  6    Str: 16    XL:     4   Next: 36%
Magic:  0/8        EV: 14    Int: 15    God:    Zin [**....]
Gold:   134        SH:  0    Dex: 11    Spells: 1/9 levels left

rFire   . . .        a - +0 dagger
rCold   . . .        (no shield)
rNeg    . . .        c - +0 robe
rPois   .            v - +0 helmet
rElec   .            d - +0 cloak
rCorr   .            m - +0 pair of gloves
SInv    .            w - +0 pair of boots
Will    .....        (no amulet)
Stlth   ++           p - +6 ring of strength
HPRegen 0.25/turn    (no ring)
MPRegen 0.11/turn

%: no passive effects
@: on recite cooldown
A: fangs 1, strong nose, distributed training
a: Renounce Religion, Recite, Vitalisation, Donate Gold


You were on level 3 of the Dungeon.
You worshipped Zin.
Zin was pleased with you.
You visited 1 branch of the dungeon, and saw 3 of its levels.

You collected 148 gold pieces.
You donated 14 gold pieces to Zin.

Inventory:

Hand Weapons
 a - a +0 dagger (weapon)
Armour
 c - a +0 robe (worn)
 d - a +0 cloak (worn)
 m - a +0 pair of gloves (worn)
 v - a +0 helmet (worn)
 w - a +0 pair of boots (worn)
Jewellery
 p - a +6 ring of strength (left hand)
Scrolls
 e - 3 scrolls of teleportation {unknown}
 h - a scroll of fear {unknown}
 j - a scroll of blinking {unknown}
 l - a scroll of brand weapon {unknown}
 o - 4 scrolls of identify {unknown}
 s - 2 scrolls of magic mapping {unknown}
 u - 2 scrolls of poison {unknown}
 x - a scroll of immolation {unknown}
Potions
 b - a potion of invisibility
 f - a potion of mutation {unknown}
 g - 3 potions of heal wounds {unknown}
 i - 3 potions of curing {unknown}
 k - 2 potions of haste {unknown}
 n - a potion of degeneration {unknown}
 q - a potion of might {unknown}
 r - 2 potions of lignification {unknown}
 t - a potion of flight {unknown}


   Skills:
 + Level 1.2 Fighting
 + Level 1.2 Short Blades
 + Level 1.2 Long Blades
 + Level 1.2 Axes
 + Level 1.2 Maces & Flails
 + Level 1.2 Polearms
 + Level 1.2 Staves
 + Level 1.2 Ranged Weapons
 + Level 1.2 Throwing
 + Level 2.8 Armour
 + Level 6.6 Dodging
 + Level 1.2 Stealth
 + Level 1.2 Shields
 + Level 1.2 Unarmed Combat
 + Level 3.0 Spellcasting
 + Level 1.0 Conjurations
 + Level 1.0 Hexes
 + Level 1.0 Summonings
 + Level 1.0 Necromancy
 + Level 1.0 Translocations
 + Level 2.2 Transmutations
 + Level 1.0 Fire Magic
 + Level 1.0 Ice Magic
 + Level 1.0 Air Magic
 + Level 1.0 Earth Magic
 + Level 7.1 Poison Magic
 + Level 1.3 Invocations
 + Level 1.2 Evocations


You had one spell level left.
You knew the following spells:

 Your Spells              Type           Power      Damage    Failure   Level
a - Sting                 Tmut/Pois      64%        1d6       3%          1
b - Poisonous Vapours     Pois/Air       28%        N/A       5%          2
c - Mephitic Cloud        Conj/Pois/Air  11%        N/A       17%         3
d - Cigotuvi's Dreadful   Necr/Pois/Air  22%        N/A       9%          2

Your spell library contained the following spells:

 Spells                   Type           Power      Damage    Failure   Level
 Olgreb's Toxic Radiance  Pois           23%        N/A       11%         4
 Wereblood                Tmut           9%         N/A       12%         2
 Passwall                 Tmut/Erth      5%         N/A       16%         2


Dungeon Overview and Level Annotations

Branches:
Dungeon (3/15)

Altars:
Okawaru
Sif Muna
Wu Jian
Xom
Zin


Innate Abilities, Weirdness & Mutations

You have very sharp teeth.
Your uncanny sense of smell can sniff out nearby items.
Your experience applies equally to all skills.


Message History

Your Conjurations skill increases to level 1!
Your Hexes skill increases to level 1!
Your Summonings skill increases to level 1!
Your Necromancy skill increases to level 1!
Your Translocations skill increases to level 1!
Your Fire Magic skill increases to level 1!
Your Ice Magic skill increases to level 1!
Your Air Magic skill increases to level 1!
Your Earth Magic skill increases to level 1!
Aiming: Poisonous Vapours (safe; 5% risk of failure)
Press: ? - help, Q - select action, (/) - cycle Dir - move target, f - orc, p - orc priest
Aim: an orc, wielding a +0 club (confused) Poisonous vapours surround the orc!
The orc is poisoned.
Unknown command.
You closely miss the orc priest.
You bite the orc priest, but do no damage.
The orc priest is heavily wounded.
The orc priest calls down the wrath of Beogh upon you.
Beogh smites you!
Aiming: Poisonous Vapours (safe; 5% risk of failure)
Press: ? - help, Q - select action, (/) - cycle Dir - move target, f - orc, p - orc
Aim: an orc, wielding a +0 mace Poisonous vapours surround the orc!
The orc is poisoned.
The orc priest closely misses you.
Casting: Poisonous Vapours (safe; 5% risk of failure)
Confirm with . or Enter, or press ? or * to list all spells.
You don't have enough magic to cast this spell.
Unknown command.
Casting: Poisonous Vapours (safe; 5% risk of failure)
Confirm with . or Enter, or press ? or * to list all spells.
You don't know that spell.
The orc priest attacks as you move away!
The orc priest barely misses you.
The orc priest mumbles some strange prayers to Beogh against you.
Beogh smites you!
* * * LOW HITPOINT WARNING * * *
An orc comes into view. It is wielding a +0 dagger.
The orc priest mumbles some strange prayers to Beogh against you.
Pain shoots through your body!
You die...

...#.# #.# ....
o##.#$###.####..#
................#
#.##........#..
##.#o##........# ###
#...o).o.......# ##_##
###..###..o...># #...#
#... #.......# ####'####
#.# #..@....###.#...#.##
######.#####_.'/8.'._#
..##.......#####.#...#.##
.........#.....####'####
####.##......##.##...# ∆
# #....#.... ##.##
#.####..####.# #.##
#............# #..# # #
######.####### ##.# ##


You could see an orc priest (poisoned) and an orc (poisoned).

Vanquished Creatures
  2 adders (D:2)
  2 dart slugs (D:2)
  An orc (D:3)
  5 ball pythons
  6 endoplasms
  A giant cockroach (D:2)
  6 goblins
  6 hobgoblins
  5 jackals
  2 quokkas (D:3)
  4 bats
  2 frilled lizards
  5 kobolds
  2 rats
49 creatures vanquished.

Notes
Turn   | Place    | Note
-------+----------+-------------------------------------------
     0 | D:1      | GimliDwarf the Gnoll Wanderer began the quest for the Orb.
     0 | D:1      | GimliDwarf set off with the following items: a +0 dagger, a
                  | potion of invisibility, a +0 robe, a +0 cloak; and the
                  | following spell memorised: Sting; and the following spells
                  | available to memorise: Cigotuvi's Dreadful Rot, Wereblood,
                  | Passwall, Mephitic Cloud.
     0 | D:1      | Reached XP level 1. HP: 13/13 MP: 4/4
   435 | D:1      | Reached XP level 2. HP: 19/19 MP: 3/5
  1036 | D:2      | Reached XP level 3. HP: 25/25 MP: 4/7
  1328 | D:2      | Learned a level 2 spell: Poisonous Vapours
  1332 | D:2      | Learned a level 3 spell: Mephitic Cloud
  1450 | D:2      | Reached skill level 1 in Invocations
  1718 | D:2      | Reached skill level 1 in Fighting
  1718 | D:2      | Reached skill level 1 in Short Blades
  1718 | D:2      | Reached skill level 1 in Long Blades
  1718 | D:2      | Reached skill level 1 in Axes
  1718 | D:2      | Reached skill level 1 in Maces & Flails
  1718 | D:2      | Reached skill level 1 in Polearms
  1718 | D:2      | Reached skill level 1 in Staves
  1718 | D:2      | Reached skill level 1 in Ranged Weapons
  1718 | D:2      | Reached skill level 1 in Throwing
  1718 | D:2      | Reached skill level 1 in Stealth
  1718 | D:2      | Reached skill level 1 in Shields
  1718 | D:2      | Reached skill level 1 in Unarmed Combat
  1718 | D:2      | Reached skill level 1 in Evocations
  1880 | D:2      | Identified the +6 plate armour of Birdsong {rF+ Str+3}
  2097 | D:2      | Reached XP level 4. HP: 31/32 MP: 1/8
  2369 | D:2      | Learned a level 2 spell: Cigotuvi's Dreadful Rot
  2440 | D:3      | Found a faded altar of an unknown god.
  2443 | D:3      | Prayed at the altar of an unknown god.
  2443 | D:3      | Became a worshipper of Zin the Law-Giver
  2443 | D:3      | Reached * piety under Zin
  2548 | D:3      | Reached ** piety under Zin
  2746 | D:3      | Found an ornate altar of the Wu Jian Council.
  2750 | D:3      | Found a shimmering blue altar of Sif Muna.
  2753 | D:3      | Found a shimmering altar of Xom.
  2840 | D:3      | Found an iron altar of Okawaru.
  3177 | D:3      | Reached skill level 1 in Conjurations
  3177 | D:3      | Reached skill level 1 in Hexes
  3177 | D:3      | Reached skill level 1 in Summonings
  3177 | D:3      | Reached skill level 1 in Necromancy
  3177 | D:3      | Reached skill level 1 in Translocations
  3177 | D:3      | Reached skill level 1 in Fire Magic
  3177 | D:3      | Reached skill level 1 in Ice Magic
  3177 | D:3      | Reached skill level 1 in Air Magic
  3177 | D:3      | Reached skill level 1 in Earth Magic
  3182 | D:3      | Killed from afar by an orc priest

Illustrated notes

Levels and vault maps discovered:
D:1:      heliophobic_arrival_henge, layout_basic
D:2:      layout_loops_corners
D:3:      layout_loops_cross, kennysheep_okawaru_gauntlet,
          grunt_temple_overflow_diamond,
          shapermc_ecumenical_altar_mp_urbaneastern, uniq_crazy_yiuf_cottage

Skill      XL: |  1  2  3  4 |
---------------+-------------+-----
Transmutations | 2 |  2.2
Invocations    | 1 |  1.3
Fighting       | 1 |  1.2
Short Blades   | 1 |  1.2
Long Blades    | 1 |  1.2
Axes           | 1 |  1.2
Maces & Flails | 1 |  1.2
Polearms       | 1 |  1.2
Staves         | 1 |  1.2
Ranged Weapons | 1 |  1.2
Throwing       | 1 |  1.2
Stealth        | 1 |  1.2
Shields        | 1 |  1.2
Unarmed Combat | 1 |  1.2
Evocations     | 1 |  1.2
Spellcasting   | 3 |  3.0
Conjurations   | 1 |  1.0
Hexes          | 1 |  1.0
Summonings     | 1 |  1.0
Necromancy     | 1 |  1.0
Translocations | 1 |  1.0
Fire Magic     | 1 |  1.0
Ice Magic      | 1 |  1.0
Air Magic      | 1 |  1.0
Earth Magic    | 1 |  1.0
Armour         | |  2.8
Dodging        | |  6.6
Poison Magic   | |  7.1

Action                     |  1- 3 |  4- 6 || total
---------------------------+-------+-------++-------
  Melee: Dagger            |    24 |     8 ||    32
         Bite              |     2 |     2 ||     4
         Punch             |       |     2 ||     2
   Cast: Sting             |    58 |    14 ||    72
         Poisonous Vapours |    16 |    17 ||    33
 Invoke: Recite            |       |     2 ||     2
 Armour: Robe              |    12 |     5 ||    17
  Dodge: Dodged            |    32 |    13 ||    45
